 Dungeon Crawl Stone Soup version 0.19-a0-1899-g2d93087 (webtiles) character file.

81 Naow the Chucker (level 4, -4/48 HPs)
             Began as an Ogre Hunter on Oct 20, 2016.
             Slain by an iguana (13 damage)
             ... on level 2 of the Dungeon.
             The game lasted 00:04:17 (1965 turns).

Naow the Chucker (Ogre Hunter)                      Turns: 1965, Time: 00:04:18

Health: -4/48      AC:  3    Str: 18    XL:     4   Next: 40%
Magic:  4/4        EV: 10    Int: 10    God:
Gold:   126        SH:  0    Dex: 10    Spells: 0 memorised, 3 levels left

rFire  . . .     SeeInvis .     i - +0 club
rCold  . . .     Gourm    .     b - +0 robe
rNeg   . . .     Faith    .     (no shield)
rPois  .         Spirit   .     (helmet restricted)
rElec  .         Reflect  .     (no cloak)
rCorr  .         Harm     .     (gloves unavailable)
MR     .....                    (boots unavailable)
Stlth  +.........               (no amulet)
                                (no ring)
                                (no ring)

@: no status effects
A: unfitting armour, tough skin 1
a: no special abilities


You were on level 2 of the Dungeon.
You were not hungry.

You visited 1 branch of the dungeon, and saw 3 of its levels.

You collected 126 gold pieces.

Inventory:

Hand Weapons
 i - a +0 club (weapon)
Missiles
 c - 6 large rocks (quivered)
 d - 2 throwing nets
Armour
 b - a +0 robe (worn)
Jewellery
 g - an uncursed ring of protection from cold {unknown}
Wands
 p - a wand of flame (36/48)
Scrolls
 a - 4 scrolls of identify {unknown}
 e - a scroll of remove curse {unknown}
 h - a scroll of blinking {unknown}
 j - 2 scrolls of teleportation {unknown}
 n - a scroll of noise {unknown}
 o - a scroll of random uselessness {unknown}
 t - a scroll of immolation {unknown}
Potions
 k - 2 potions of lignification
 m - a potion of haste {unknown}
 r - a potion of curing
 s - a potion of invisibility {unknown}
Comestibles
 f - 4 bread rations
 l - a meat ration
 q - 3 chunks of flesh


   Skills:
 + Level 3.7 Fighting
 * Level 2.9 Maces & Flails
 + Level 4.3 Throwing
 + Level 2.4 Dodging
 - Level 0.6 Stealth


You had 3 spell levels left.
You didn't know any spells.

Dungeon Overview and Level Annotations

Branches:
Dungeon (3/15)

Altars:
Hepliaklqana
Nemelex Xobeh
Okawaru

Annotations:
D:3 Naow's ghost, amateur OgHu


Innate Abilities, Weirdness & Mutations

You are too large for most types of armour.
You have tough skin. (AC +1)


Message History

Aim: an iguana (lightly wounded)
You throw a large rock.
The large rock barely misses the iguana.
The iguana bites you!
* * * LOW HITPOINT WARNING * * *
The iguana bites you.
* * * LOW HITPOINT WARNING * * *
Throwing (i - inventory. (,) - cycle):
c - 8 large rocks (quivered)
Press: ? - help, Shift-Dir - straight line, f/p - iguana
Aim: an iguana (lightly wounded)
You throw a large rock.
The large rock closely misses the iguana.
The iguana closely misses you.
Throwing (i - inventory. (,) - cycle):
c - 7 large rocks (quivered)
Press: ? - help, Shift-Dir - straight line, f/p - iguana
Aim: an iguana (lightly wounded)
You throw a large rock.
The large rock barely misses the iguana.
The iguana closely misses you. The iguana bites you!
You die...

###### #....# ########
#####.##.# #......#
#l....##.###
#.####.#########@######...#
#...#..........#.# ###.#
###.######.....#.# #...#
###..........###.# #.####
...#######.#.#...## #)...#
##.#######.#.#.##.#####..#.#
...##......#.#.##........#.####
.............#.##.######.#....#
# ............##.##.# ##.####.#
#


You could see an iguana.

Vanquished Creatures
  2 adders (D:3)
  3 oozes
  A worm (D:3)
  3 dart slugs
  A leopard gecko (D:2)
  3 orcs (D:3)
  A ball python (D:3)
  4 hobgoblins
  6 kobolds
  2 quokkas (D:3)
  4 bats
  4 frilled lizards
  6 rats
40 creatures vanquished.

Notes
Turn   | Place    | Note
-------+----------+-------------------------------------------
     0 | D:1      | Naow the Ogre Hunter began the quest for the Orb.
     0 | D:1      | Reached XP level 1. HP: 22/22 MP: 1/1
    86 | D:1      | Reached XP level 2. HP: 26/31 MP: 2/2
   175 | D:1      | Reached skill level 1 in Maces & Flails
   647 | D:2      | Reached XP level 3. HP: 32/37 MP: 3/3
   676 | D:2      | Found a sparkling altar of Nemelex Xobeh.
   683 | D:2      | Found an iron altar of Okawaru.
   683 | D:2      | Found a hazy altar of Hepliaklqana.
  1555 | D:3      | Reached XP level 4. HP: 32/48 MP: 4/4
  1952 | D:3      | Noticed Naow's ghost (amateur OgHu)
  1965 | D:2      | Slain by an iguana

Vault maps used:
D:1:      dpeg_arrival_shelter
D:2:      nicolae_overflow_hidden_temple, minitemple
D:3:      wad_woods_pond, overflow_temple_1_default

Skill      XL: |  1  2  3 |
---------------+----------+-----
Fighting       | 3 |  3.7
Dodging        | 2 |  2.4
Maces & Flails | 1 2 |  2.9
Throwing       | |  4.3
Stealth        | |  0.6

Action                   |  1- 3 |  4- 6 || total
-------------------------+-------+-------++-------
Melee: Short sword       |    14 |       ||    14
       Club              |   118 |    22 ||   140
Throw: Large rock        |     3 |    15 ||    18
  Use: Potion            |       |     4 ||     4
 Stab: Sleeping          |     1 |       ||     1
  Eat: Chunk             |     2 |     2 ||     4
Armor: Robe              |    59 |     8 ||    67
Dodge: Dodged            |   103 |    17 ||   120
